 Dungeon Crawl Stone Soup version 0.24.0-1-gfbc8707122 (webtiles) character file.

Game seed: 14973245051532889192, levelgen mode: deterministic

6007 mopl the Severer (level 10, -3/81 HPs)
             Began as a Minotaur Berserker on Oct 27, 2019.
             Was a High Priest of Trog.
             Slain by a porcupine (4 damage)
             ... while petrified by a basilisk
             ... on level 10 of the Dungeon.
             The game lasted 00:10:15 (8711 turns).

mopl the Severer (Minotaur Berserker)               Turns: 8711, Time: 00:10:16

Health: -3/81      AC:  7    Str: 22    XL:     10   Next: 56%
Magic:  11/11      EV:  2    Int:  1    God:    Trog [*****.]
Gold:   166        SH:  0    Dex: 13    Spells: 9/9 levels left

rFire    . . .     SeeInvis .   a - +0 war axe
rCold    . . .     Gourm    .   (no shield)
rNeg     + + +     Faith    .   J - +0 scale mail (curse)
rPois    ∞         Spirit   .   (helmet restricted)
rElec    .         Reflect  .   q - +0 cloak (curse)
rCorr    .         Harm     .   (no gloves)
MR       .....     Rnd*Tele +   G - -2 pair of boots (curse)
Stlth    ..........             E - amulet of the acrobat
HPRegen  0.23/turn              z - ring of teleportation (curse)
MPRegen  0.12/turn              O - -3 ring of intelligence (curse)

@: petrified, berserk cooldown, slowed
A: retaliatory headbutt, horns 2
a: Berserk, Trog's Hand, Brothers in Arms, Renounce Religion


You were on level 10 of the Dungeon.
You worshipped Trog.
Trog was extremely pleased with you.
You were very hungry.

You visited 1 branch of the dungeon, and saw 10 of its levels.

You collected 474 gold pieces.
You spent 308 gold pieces at shops.

Inventory:

Hand Weapons
 a - a +0 war axe (weapon)
 n - a +3 dagger of venom
 R - a +3 hand axe of venom
Missiles
 o - 6 atropa-tipped darts (quivered)
 v - 10 boomerangs
 Q - 8 poisoned darts
Armour
 q - a cursed +0 cloak (worn)
 x - a +0 pair of boots
 G - a cursed -2 pair of boots (worn)
 J - a cursed +0 scale mail (worn)
Jewellery
 h - an uncursed ring of ice
 z - a cursed ring of teleportation (left hand)
 E - an amulet of the acrobat (around neck)
 O - a cursed -3 ring of intelligence (right hand)
Wands
 y - a wand of disintegration (33)
 D - a wand of paralysis (14)
 K - a wand of flame (13)
 L - a wand of clouds (5)
Scrolls
 b - 7 scrolls of identify {unknown}
 d - 3 scrolls of magic mapping {unknown}
 f - 2 scrolls of immolation {unknown}
 g - 8 scrolls of remove curse {unknown}
 i - 3 scrolls of amnesia {unknown}
 k - a scroll of noise {unknown}
 m - 4 scrolls of blinking {unknown}
 p - 2 scrolls of enchant armour {unknown}
 t - 5 scrolls of teleportation {unknown}
 u - 2 scrolls of fog {unknown}
 B - a scroll of random uselessness {unknown}
 M - a scroll of vulnerability {unknown}
Potions
 e - 4 potions of might {unknown}
 j - 4 potions of berserk rage {unknown}
 l - 6 potions of curing {unknown}
 r - 4 potions of heal wounds {unknown}
 s - 2 potions of haste {unknown}
 w - a potion of brilliance {unknown}
 A - a potion of lignification {unknown}
 C - a potion of ambrosia {unknown}
 F - a potion of flight {unknown}
 H - 2 potions of mutation {unknown}
 I - a potion of agility {unknown}
Miscellaneous
 P - a box of beasts
Comestibles
 c - 17 rations
 N - a chunk of flesh


   Skills:
 + Level 5.3 Fighting
 + Level 16.2 Axes
 + Level 3.0 Throwing
 + Level 4.4 Armour
 + Level 4.1 Dodging
 + Level 2.6 Evocations


You had 9 spell levels left.
You didn't know any spells.
Your spell library was empty.

Dungeon Overview and Level Annotations

Branches:
Dungeon (10/15)            Temple (0/1) D:6             Orc (0/2) D:10
   Lair: D:8-11

Altars:
Ashenzari
Dithmenos
Fedhas
Kikubaaqudgha
Nemelex Xobeh
Trog
Uskayaw
Wu Jian
Xom

Shops:
D:6 :   D:7 *


Innate Abilities, Weirdness & Mutations

You reflexively headbutt those who attack you in melee.
You have a pair of horns on your head.


Message History

* * * LOW HITPOINT WARNING * * *
The crocodile bites you but does no damage.
The wolf bites you but does no damage. The porcupine bites you.
* * * LOW HITPOINT WARNING * * *
The basilisk gazes at you. You resist with some effort. The wolf bites you.
* * * LOW HITPOINT WARNING * * *
The crocodile bites you.
* * * LOW HITPOINT WARNING * * *
The porcupine bites you!
* * * LOW HITPOINT WARNING * * *
The wolf bites you.
* * * LOW HITPOINT WARNING * * *
The basilisk bites you!
* * * LOW HITPOINT WARNING * * *
A black bear comes into view.
The crocodile bites you.
* * * LOW HITPOINT WARNING * * *
The wolf bites you but does no damage. The porcupine bites you!
You die...

...................
...........#......
#.........#......
#.........#......
.###.........#......
.............#......
....##'###.........
######....####+##...
+rr@..†.........'...
♣..tlh...........#...
.......r............#...
....h..l#############...
.....P... ##.. .....P...
#.# ...P....P #..
...hPP.... #.. #..


You could see 2 basilisks, a crocodile, 2 black bears, a wolf and 3 porcupines.

Vanquished Creatures
  A two-headed ogre (D:8)
  The ghost of Erac the Nimble, a novice MfTm of Okawaru (D:9)
  Maurice (D:8)
  2 trolls (D:9)
  A hornet (D:10)
  A hippogriff (D:9)
  A hungry ghost (D:9)
  Menkaure (D:5)
  A porcupine (D:10)
  A sky beast (D:9)
  A phantom (D:6)
  A black bear (D:8)
  2 ice beasts
  2 orc warriors
  3 ogres
  5 centaurs
  A wolf (D:10)
  A crocodile (D:10)
  2 bullfrogs
  3 scorpions
  3 howler monkeys
  2 crimson imps
  3 hounds
  A quasit (D:8)
  A gnoll shaman (D:6)
  5 jellies
  3 bullfrog skeletons
  4 orc priests
  An iguana (D:5)
  8 orc wizards
  9 worker ants
  A killer bee zombie (D:8)
  A hound zombie (D:8)
  A hound skeleton (D:9)
  Robin (D:2)
  9 gnolls
  A worker ant zombie (D:7)
  7 adders
  2 shadow imps
  9 oozes (D:4)
  2 adder skeletons
  2 adder zombies
  2 worms (D:3)
  2 dart slugs (D:1)
  2 leopard geckos
  27 orcs
  8 giant cockroaches
  17 goblins
  8 hobgoblins
  12 jackals
  14 kobolds
  7 quokkas
  A ball python (D:1)
  6 bats
  4 frilled lizards
  A leopard gecko skeleton (D:4)
  4 quokka skeletons
  7 rats
230 creatures vanquished.

Vanquished Creatures (others)
  A sky beast (D:6)
  An ogre (D:6)
  A ball python (D:6)
  A jackal skeleton (D:6)
  2 fungi (D:4)
  6 toadstools (D:4)
12 creatures vanquished.

Grand Total: 242 creatures vanquished

Notes
Turn   | Place    | Note
-------+----------+-------------------------------------------
     0 | D:1      | mopl the Minotaur Berserker began the quest for the Orb.
     0 | D:1      | Reached XP level 1. HP: 19/19 MP: 0/0
   131 | D:1      | Reached skill level 4 in Axes
   195 | D:1      | Reached XP level 2. HP: 26/26 MP: 1/1
   493 | D:1      | Found a sparkling altar of Nemelex Xobeh.
   768 | D:1      | Reached skill level 5 in Axes
   781 | D:1      | Reached XP level 3. HP: 29/31 MP: 2/2
   882 | D:2      | Noticed Robin
   893 | D:2      | Reached ** piety under Trog
   905 | D:2      | Killed Robin
  1079 | D:2      | Reached skill level 6 in Axes
  1079 | D:2      | Reached XP level 4. HP: 32/39 MP: 3/3
  1323 | D:2      | Found a blossoming altar of Fedhas.
  1354 | D:2      | Reached *** piety under Trog
  1393 | D:2      | Found a shadowy altar of Dithmenos.
  1393 | D:2      | Found a blossoming altar of Fedhas.
  1858 | D:3      | Found an ancient bone altar of Kikubaaqudgha.
  1971 | D:3      | You fall into a shaft and drop 2 floors!
  1971 | D:5      | Entered Level 5 of the Dungeon
  1973 | D:5      | Noticed an ogre
  1985 | D:5      | Killed an ogre
  1985 | D:5      | Reached skill level 7 in Axes
  1985 | D:5      | Reached XP level 5. HP: 41/45 MP: 4/4
  2157 | D:5      | Noticed Menkaure
  2171 | D:5      | Killed Menkaure
  2171 | D:5      | Reached skill level 8 in Axes
  2171 | D:5      | Reached XP level 6. HP: 51/51 MP: 5/5
  2195 | D:5      | Reached skill level 9 in Axes
  3223 | D:4      | Reached XP level 7. HP: 56/57 MP: 6/6
  3508 | D:4      | Reached **** piety under Trog
  3514 | D:4      | Reached skill level 10 in Axes
  3621 | D:4      | Found a shattered altar of Ashenzari.
  4171 | D:5      | Reached skill level 11 in Axes
  4381 | D:5      | Reached XP level 8. HP: 35/64 MP: 7/7
  5013 | D:6      | Found a sparkling altar of Nemelex Xobeh.
  5155 | D:6      | Found Nidwuuje's Book Shoppe.
  5227 | D:6      | Reached skill level 12 in Axes
  5402 | D:6      | Found an ornate altar of the Wu Jian Council.
  5513 | D:6      | Found a shimmering altar of Xom.
  5730 | D:6      | Found a staircase to the Ecumenical Temple.
  5821 | D:7      | Reached skill level 13 in Axes
  5919 | D:7      | Reached ***** piety under Trog
  6102 | D:7      | Found Biffo's Assorted Antiques.
  6122 | D:7      | Reached XP level 9. HP: 61/70 MP: 8/8
  6253 | D:7      | Bought a black potion for 28 gold pieces
  6253 | D:7      | Bought a scroll labeled BOJOSI WEEGE for 32 gold pieces
  6253 | D:7      | Bought a smoky red potion for 28 gold pieces
  6253 | D:7      | Bought a blue potion for 28 gold pieces
  6253 | D:7      | Bought a scroll labeled UNTIEM QUBOEH for 32 gold pieces
  6646 | D:7      | Bought a lumpy diamond amulet for 160 gold pieces
  6758 | D:8      | Reached skill level 14 in Axes
  6820 | D:8      | Found a bloodstained altar of Trog.
  6864 | D:8      | Noticed a two-headed ogre
  6871 | D:8      | Killed a two-headed ogre
  6871 | D:8      | Reached skill level 15 in Axes
  7251 | D:8      | Noticed Maurice
  7252 | D:8      | Paralysed by Maurice for 5 turns
  7267 | D:8      | Killed Maurice
  7370 | D:9      | Found a hide-covered altar of Uskayaw.
  7418 | D:9      | Found a shimmering altar of Xom.
  7422 | D:9      | Noticed a troll
  7433 | D:9      | Killed a troll
  7433 | D:9      | Reached skill level 1 in Throwing
  7433 | D:9      | Reached skill level 1 in Evocations
  7450 | D:9      | Reached XP level 10. HP: 33/78 MP: 9/9
  7771 | D:9      | Found a runed translucent door.
  7771 | D:9      | Noticed Erac's ghost (novice MfTm)
  7848 | D:9      | Killed Erac's ghost
  7848 | D:9      | Reached skill level 16 in Axes
  7900 | D:9      | Received a gift from Trog
  8000 | D:9      | Got a polished whip
  8001 | D:9      | Identified the +1 whip of Frustration {flame, MR- Dex+8}
                  | (You found it on level 9 of the Dungeon)
  8369 | D:10     | Entered Level 10 of the Dungeon
  8377 | D:10     | Paralysed by a hornet for 1 turns
  8380 | D:10     | Reached skill level 5 in Fighting
  8513 | D:10     | Found a staircase to the Orcish Mines.
  8711 | D:10     | HP: 2/81 [basilisk (3)]
  8711 | D:10     | Slain by a porcupine

Levels and vault maps discovered:
D:1:      scummos_arrival_gate, layout_loops_corners,
          nemelex_diamond_rough_becter
D:2:      layout_loops_corners, gammafunk_temple_overflow_elements,
          minmay_misc_feat_room, fedhas_altar_2, uniq_robin
D:3:      layout_basic, kiku_gazebo_pond_becter, kennysheep_nub,
          chequers_serial_rivers_micro_e, skrybe_limestone_x,
          chequers_serial_rivers_small_a, hangedman_decor_slide_cut,
          kennysheep_generic_room_9
D:4:      cheibrodos_fertilizer, layout_rooms, ashenzari_altar_1,
          serial_co_window_serial, co_window_of_opportunity_a,
          co_window_of_opportunity_a, co_window_corner_a, co_window_corner_a,
          co_window_paths_b, co_window_of_opportunity_b,
          co_window_of_opportunity_c, co_window_paths_c, co_window_broadway_b,
          co_window_broadway_c, co_window_broadway_a, co_window_unsneaky_path_a,
          glass_columns_a, glass_columns_a, glass_columns_a, glass_columns_a,
          glass_columns_a
D:5:      layout_loops_ring, first_ration, uniq_menkaure
D:6:      layout_basic, kennysheep_little_box, minmay_temple_entry_poolview,
          serial_shops, shop, basic_altar, ebering_dispersal_statue_hall,
          minivault_19, xom_confusion_cloud
D:7:      layout_loops_ring, serial_shops, shop
D:8:      layout_cave_pools, kennysheep_mini_moat, uniq_maurice
D:9:      layout_cave_pools, nicolae_overflow_hidden_temple,
          ebering_ghost_reflecting_pool, basic_altar
D:10:     layout_stronghold, minmay_lair_entry_grove, orc_0_dummy

Skill      XL: |  1  2  3  4  5  6  7  8  9 10 |
---------------+-------------------------------+-----
Axes           | 4 5 6 7 8 9 11 13 15 16 | 16.2
Fighting       | 4 5 |  5.3
Throwing       | 1 3 |  3.0
Evocations     | 1 2 |  2.6
Armour         | 3 4 |  4.4
Dodging        | 4 |  4.1

Action                   |  1- 3 |  4- 6 |  7- 9 | 10-12 || total
-------------------------+-------+-------+-------+-------++-------
Melee: Hand axe          |    82 |    69 |       |       ||   151
       Headbutt          |    13 |    22 |    49 |    20 ||   104
       War axe           |       |    36 |   267 |    94 ||   397
Invok: Berserk           |     1 |     3 |     6 |     6 ||    16
       Trog's Hand       |       |       |     1 |       ||     1
Evoke: Wand              |       |       |     1 |       ||     1
 Stab: Paralysed         |       |       |     7 |       ||     7
  Eat: Chunk             |     2 |     9 |    16 |    10 ||    37
       Ration            |       |       |     1 |       ||     1
Armor: Animal skin       |     6 |       |       |       ||     6
       Ring mail         |    18 |    14 |       |       ||    32
       Chain mail        |       |    20 |    86 |       ||   106
       Scale mail        |       |       |    11 |    25 ||    36
Dodge: Dodged            |    51 |    55 |   121 |    39 ||   266
